 Dungeon Crawl Stone Soup version 0.31-a0-692-gf03d1854d5 (webtiles) character file.

Game seed: 5171207590917008456

191 qw the Shooter (level 5, -6/32 HPs)
             Began as a Gargoyle Hunter on Sept 6, 2023.
             Mangled by an ogre
             ... wielding a +0 giant club
              (24 damage)
             ... on level 4 of the Dungeon.
             The game lasted 00:00:56 (2783 turns).

qw the Shooter (Gargoyle Hunter)                    Turns: 2783, Time: 00:00:57

Health: -6/32      AC: 13    Str: 17    XL:     5   Next: 70%
Magic:  5/5        EV: 11    Int:  9    God:
Gold:   161        SH:  0    Dex: 15    Spells: 4/4 levels left

rFire   . . .        Y - +0 shortbow
rCold   . . .        (shield currently unavailable)
rNeg    + . .        d - +4 ring mail "Ixe Vuma" {rElec Str+2 SInv}
rPois   inf          (no helmet)
rElec   +            (no cloak)
rCorr   .            (no gloves)
SInv    +            (no boots)
Will    .....        (no amulet)
Stlth   +            (no ring)
HPRegen 0.25/turn    (no ring)
MPRegen 0.09/turn

%: no passive effects
@: no status effects
A: sickness immunity, AC +4, negative energy resistance 1, electricity
resistance, torment resistance 1, petrification resistance
a: no special abilities


You were on level 4 of the Dungeon.
You visited 1 branch of the dungeon, and saw 4 of its levels.

You collected 179 gold pieces.
You spent 18 gold pieces at shops.


Innate Abilities, Weirdness & Mutations

You are immune to sickness and miasma.
Your stone body is resilient. (AC +4)
You are immune to poison.
You resist negative energy. (rN+)
You are resistant to electric shocks. (rElec)
You are resistant to unholy torment.
You are immune to petrification.


   Skills:
 + Level 3.2 Fighting
 - Level 6.2 Ranged Weapons
 - Level 1.0 Armour
 - Level 1.5 Dodging
 - Level 1.1 Stealth


You had 4 spell levels left.
You didn't know any spells.
Your spell library was empty.

Inventory:

Hand Weapons
 Y - a +0 shortbow (weapon)
Armour
 d - the +4 ring mail "Ixe Vuma" (worn) {rElec Str+2 SInv}
   (You found it on level 2 of the Dungeon)

   Str+2:     It affects your strength (+2).
   rElec:     It insulates you from electricity.
   SInv:      It lets you see invisible.
Scrolls
 b - a scroll of identify
Potions
 a - a potion of curing
 c - a potion of enlightenment {unknown}
 e - 3 potions of heal wounds
 f - a potion of brilliance {unknown}
 g - a potion of cancellation {unknown}

Dungeon Overview and Level Annotations

Branches:
Dungeon (4/15)
 Temple: D:4-7

Altars:
Kikubaaqudgha

Shops:
D:2 *


Message History

The phantom hits you but does no damage.
You shoot an arrow. The arrow barely misses the phantom.
The endoplasm closely misses you.
The phantom hits you but does no damage.
The phantom hits you.
The phantom blinks!
You blink.
You shoot an arrow. The arrow hits the phantom.
The phantom is almost destroyed.
The endoplasm hits you but does no damage.
The phantom closely misses you.
You shoot an arrow. The arrow hits the phantom.
You destroy the phantom!
The endoplasm barely misses you.
Your Ranged Weapons skill increases to level 6!
You shoot an arrow. The arrow barely misses the endoplasm.
The endoplasm completely misses you.
You shoot an arrow. The arrow hits the endoplasm!
You kill the endoplasm!
You start resting.
HP restored.
You open the door.
There is an open door here.
You now have 161 gold pieces (gained 11).
You open the door.
There is an open door here.
As you open the door, it creaks loudly!
An ogre and an orc come into view.
The ogre shouts!
The orc shouts!
You hear a shout!
An orc comes into view. It is wielding a +0 club.
Enter note:
Enter note: You shoot an arrow.
The arrow closely misses the ogre.
You shoot an arrow.
The arrow hits the ogre but does no damage.
The ogre hits you with a +0 giant club!
You shoot an arrow. The arrow completely misses the ogre.
You shoot an arrow. The arrow hits the ogre!
The ogre is moderately wounded.
The ogre hits you with a +0 giant club!!
Ouch! That really hurt!
You die...

.......# .......#
.......#+## .
..........####+### ..
..........#......# ...
'#........#......# ....
.#.......<#......# .....
<#........+......#......
.#........#.....@O......
.#........#......#o.....
##........###....# o....
.....########'#### ....
.....'...........+ ...
.....#...........# ..
.....#...........# .
.....#.##..#######
#+####+##..#


You could see an ogre and 2 orcs.

Vanquished Creatures
  A phantom (D:4)
  3 gnolls (D:2)
  3 adders (D:2)
  A worm (D:2)
  3 dart slugs
  A bat zombie (D:3)
  5 endoplasms
  2 giant cockroaches (D:1)
  4 goblins
  3 hobgoblins
  3 jackals (D:1)
  2 quokkas
  5 ball pythons
  6 bats
  6 frilled lizards
  3 kobolds
  7 rats
  A rat zombie (D:3)
59 creatures vanquished.

Notes
Turn   | Place    | Note
-------+----------+-------------------------------------------
     0 | D:1      | qw the Gargoyle Hunter began the quest for the Orb.
     0 | D:1      | Reached XP level 1. HP: 12/12 MP: 1/1
     0 | D:1      | 0 ||| qw: Version: 0.3-a-76-g4403597
     0 | D:1      | 0 ||| qw: Game counter: 328
     0 | D:1      | 0 ||| qw: Melee chars always use a shield: true
     0 | D:1      | 0 ||| qw: God list: Okawaru
     0 | D:1      | 0 ||| qw: Allow faded altars: false
     0 | D:1      | 0 ||| qw: Do Orc after clearing Dungeon:15 true
     0 | D:1      | 0 ||| qw: Do second Lair branch before Depths: true
     0 | D:1      | 0 ||| qw: Lair rune preference: random
     0 | D:1      | 0 ||| qw: Goals: Normal
     0 | D:1      | 0 ||| PLANNING D:1-11
   210 | D:1      | Reached XP level 2. HP: 16/17 MP: 2/2
   349 | D:1      | Found a faded altar of an unknown god.
   554 | D:1      | Reached XP level 3. HP: 21/21 MP: 3/3
   617 | D:1      | Reached skill level 5 in Ranged Weapons
   719 | D:1      | 719 ||| READING 2 scrolls labelled RETOHOTOAR.
   722 | D:1      | 722 ||| READING scroll labelled TINWEUMIOT.
   723 | D:1      | 723 ||| READING scroll labelled IDIOSCH TEUXAGU.
   724 | D:1      | 724 ||| DROPPING scroll of butterflies.
   796 | D:2      | Identified the +4 ring mail "Ixe Vuma" {rElec Str+2 SInv}
  1010 | D:2      | Found Seagouv's Assorted Antiques.
  1016 | D:2      | 1016 ||| BUYING amethyst potion (18 gold).
  1016 | D:2      | Bought an amethyst potion for 18 gold pieces
  1016 | D:2      | 1016 ||| SHOPLISTING scroll labelled QEIKKUDOAPN (20 gold,
                  | have 12).
  1016 | D:2      | 1016 ||| SHOPLISTING scroll of teleportation (60 gold, have
                  | 12).
  1048 | D:2      | 1048 ||| Stepping ~*~*~tactically~*~*~ (retreating).
  1049 | D:2      | 1049 ||| RETREATING.
  1055 | D:2      | Reached skill level 3 in Fighting
  1055 | D:2      | 1055 ||| Stepping ~*~*~tactically~*~*~ (retreating).
  1060 | D:2      | Reached XP level 4. HP: 13/28 MP: 4/4
  1062 | D:2      | HP: 5/28 [gnoll/+0 spear (5)]
  1063 | D:2      | 1063 ||| READING scroll of teleportation.
  1071 | D:2      | HP: 5/28 [gnoll/+0 spear (1)]
  1075 | D:2      | 1075 ||| FLEEEEING.
  1795 | D:2      | 1795 ||| UPGRADING to +4 ring mail "Ixe Vuma" {rElec Str+2
                  | SInv}.
  1805 | D:2      | 1805 ||| DROPPING +0 leather armour.
  1806 | D:2      | 1806 ||| DRINKING 2 red potions.
  1807 | D:2      | 1807 ||| READING 2 scrolls of identify.
  1807 | D:2      | 1807 ||| IDENTIFYING grey potion
  2225 | D:3      | Reached XP level 5. HP: 32/32 MP: 5/5
  2611 | D:3      | Reached skill level 1 in Armour
  2613 | D:3      | Found an ancient bone altar of Kikubaaqudgha.
  2648 | D:4      | Noticed a phantom
  2662 | D:4      | HP: 5/32 [frozen (5)]
  2663 | D:4      | 2663 ||| DRINKING 4 potions of heal wounds.
  2674 | D:4      | Killed a phantom
  2675 | D:4      | Reached skill level 6 in Ranged Weapons
  2779 | D:4      | Noticed an ogre
  2783 | D:4      | Mangled by an ogre

Levels and vault maps discovered:
D:1:      spicycebolla_arrival_xxxplode, layout_loops_cross,
          dreamdust_ecumenical_altar_hidden_monk_grotto
D:2:      layout_loops_corners, serial_shops, shop
D:3:      layout_loops_corners, lemuel_zombie_altar_kikubaaqudgha
D:4:      layout_gridville, mainiacjoe_overflow_cross_hatched,
          minmay_temple_entry_fiery

Skill      XL: |  1  2  3  4  5 |
---------------+----------------+-----
Ranged Weapons | 5 6 |  6.2
Fighting       | 3 |  3.2
Armour         | 1 |  1.0
Dodging        | |  1.5
Stealth        | |  1.1

Action                     |  1- 3 |  4- 6 || total
---------------------------+-------+-------++-------
   Fire: Shortbow          |   108 |   110 ||   218
    Use: Scroll            |     3 |     2 ||     5
         Potion            |       |     2 ||     2
 Armour: Leather armour    |    42 |    11 ||    53
         Ring mail         |       |    31 ||    31
  Dodge: Dodged            |    40 |    46 ||    86

Table legend:
 A = Non-vault XP
 B = Vault XP
 C = Vault XP percentage of total XP
 D = Non-vault monster count
 E = Vault monster count
 F = Vault count percentage of total count
                 A         B        C        D         E       F
            +---------+---------+-------+---------+---------+-------
      Total |     271 |       3 |   1.1 |      57 |       2 |   3.4
            +---------+---------+-------+---------+---------+-------
        D:1 |      40 |       0 |   0.0 |      22 |       0 |   0.0
        D:2 |     114 |       0 |   0.0 |      24 |       0 |   0.0
        D:3 |      15 |       3 |  16.7 |       9 |       2 |  18.2
        D:4 |     102 |       0 |   0.0 |       2 |       0 |   0.0
            +---------+---------+-------+---------+---------+-------
